 Dungeon Crawl Stone Soup version 0.31.0 (webtiles) character file.

Game seed: 10396770976928434408

1749 qw the Skirmisher (level 9, 0/55 HPs)
             Began as a Gargoyle Hunter on Jan 19, 2024.
             Slain by an orc warrior
             ... wielding a +0 dire flail
              (12 damage)
             ... on level 6 of the Dungeon.
             The game lasted 00:00:30 (4926 turns).

qw the Skirmisher (Gargoyle Hunter)                 Turns: 4926, Time: 00:00:30

Health: 0/55       AC: 16    Str: 14    XL:     9   Next: 6%
Magic:  9/9        EV: 11    Int: 11    God:
Gold:   310        SH:  0    Dex: 17    Spells: 8/8 levels left

rFire   . . .        a - +0 shortbow
rCold   + . .        (shield currently unavailable)
rNeg    + . .        d - +0 ring mail
rPois   inf          k - +2 helmet
rElec   +            (no cloak)
rCorr   .            (no gloves)
SInv    +            f - +0 pair of boots
Will    .....        (no amulet)
Stlth   +            i - ring of see invisible
HPRegen 0.29/turn    p - ring of protection from cold
MPRegen 0.11/turn

%: no passive effects
@: no status effects
A: sickness immunity, AC +6, negative energy resistance 1, electricity
resistance, torment resistance 1, petrification resistance
a: no special abilities


You were on level 6 of the Dungeon.
You visited 1 branch of the dungeon, and saw 6 of its levels.

You collected 310 gold pieces.


Innate Abilities, Weirdness & Mutations

You are immune to sickness and miasma.
Your stone body is resilient. (AC +6)
You are immune to poison.
You resist negative energy. (rN+)
You are resistant to electric shocks. (rElec)
You are resistant to unholy torment.
You are immune to petrification.


   Skills:
 + Level 6.1 Fighting
 - Level 10.0 Ranged Weapons
 - Level 3.6 Armour
 - Level 2.4 Dodging
 - Level 1.1 Stealth


You had 8 spell levels left.
You didn't know any spells.
Your spell library was empty.

Inventory:

Hand Weapons
 a - a +0 shortbow (weapon)
Armour
 d - a +0 ring mail (worn)
 f - a +0 pair of boots (worn)
 k - a +2 helmet (worn)
Jewellery
 g - a ring of fire
 i - a ring of see invisible (left hand)
 p - a ring of protection from cold (right hand)
Wands
 j - a wand of iceblast (6)
 n - a wand of flame (21)
Scrolls
 q - a scroll of poison {unknown}
Potions
 b - a potion of resistance
 c - a potion of mutation
 e - 2 potions of curing
 h - a potion of might
 l - a potion of degeneration {unknown}
 o - 2 potions of heal wounds {unknown}
 r - a potion of enlightenment {unknown}

Dungeon Overview and Level Annotations

Branches:
Dungeon (6/15)
 Temple: D:4-7

Altars:
Kikubaaqudgha

Portals:
Abyss: D:5

Annotations:
D:5 2 transporters, qw's ghost, novice GrHu
D:6 3 runed translucent doors, Pikel; qw's ghost, novice GrHu


Message History

You feel agile. x2
You shoot an arrow. The arrow barely misses the ice beast.
The arrow hits the orc warrior!
The orc warrior is moderately wounded.
The ice beast closely misses you. The adder barely misses you.
You shoot an arrow. The arrow hits the ice beast.
The ice beast is moderately wounded.
The adder barely misses you. The ice beast closely misses you.
You shoot an arrow. The arrow hits the ice beast!
The ice beast is severely wounded.
The adder completely misses you. The ice beast hits you.
The ice beast freezes you. You resist.
You shoot an arrow. The arrow hits the ice beast.
The ice beast is almost dead.
The adder completely misses you.
The ice beast hits you but does no damage.
The adder barely misses you.
You shoot an arrow. The arrow barely misses the ice beast.
The arrow hits the orc warrior but does no damage.
The orc warrior is moderately wounded.
The adder misses you. The ice beast closely misses you.
You shoot an arrow. The arrow hits the ice beast.
The ice beast is almost dead.
The adder bites you but does no damage.
The ice beast hits you but does no damage.
You shoot an arrow. The arrow hits the ice beast!
You kill the ice beast!
The adder bites you but does no damage. The adder barely misses you.
Your Armour skill increases to level 3!
You shoot an arrow.
The arrow hits the orc warrior but does no damage.
The orc warrior is moderately wounded.
The orc warrior hits you with a +0 dire flail.
The adder barely misses you.
You shoot an arrow.
The arrow hits the orc warrior but does no damage.
The orc warrior is moderately wounded.
The adder closely misses you.
The orc warrior hits you with a +0 dire flail!
You die...

##..^## #..#
##.....# #..#
#......## #..#
#...###..####..#
#...## ##....o.#
..## ##....## .#
###..## #
#..oo###
##oWoo@#####
#.####)SoKo##
#.# ####o55# #.
##5o# . # ##.#
## 7}7# #.#
...#. #.##
..W#..###..#
..W+.......#


You could see Pikel, 2 orc warriors, 3 lemures, a shadow (invisible), an orc
wizard (invisible), an adder and 6 orcs.

Vanquished Creatures
  Menkaure (D:6)
  2 water moccasins (D:5)
  An orc warrior (D:5)
  An ice beast (D:6)
  3 ogres
  A phantom (D:5)
  A bullfrog (D:5)
  3 scorpions
  5 hounds
  An orc priest (D:3)
  A jelly (D:4)
  3 iguanas
  A sleepcap (D:5)
  5 orc wizards
  13 adders
  4 gnolls (D:5)
  2 ribbon worms
  5 dart slugs
  11 orcs
  4 ball pythons
  7 endoplasms
  2 giant cockroaches
  4 goblins
  3 hobgoblins
  5 kobolds
  5 quokkas
  6 bats
  4 frilled lizards
  5 rats
109 creatures vanquished.

Notes
Turn   | Place    | Note
-------+----------+-------------------------------------------
     0 | D:1      | qw the Gargoyle Hunter began the quest for the Orb.
     0 | D:1      | Reached XP level 1. HP: 12/12 MP: 1/1
     0 | D:1      | 0 ||| qw: Version: 0.3-a-132-g3d54051
     0 | D:1      | 0 ||| qw: Game counter: 399
     0 | D:1      | 0 ||| qw: Melee chars always use a shield: true
     0 | D:1      | 0 ||| qw: God list: Okawaru
     0 | D:1      | 0 ||| qw: Allow faded altars: false
     0 | D:1      | 0 ||| qw: Do Orc after clearing Dungeon:15 true
     0 | D:1      | 0 ||| qw: Do second Lair branch before Depths: true
     0 | D:1      | 0 ||| qw: Lair rune preference: random
     0 | D:1      | 0 ||| qw: Goals: Normal
     0 | D:1      | 0 ||| PLANNING D:1-11
   209 | D:1      | Reached XP level 2. HP: 17/17 MP: 2/2
   832 | D:1      | 832 ||| UPGRADING to +0 ring mail.
   842 | D:1      | 842 ||| DROPPING +0 leather armour.
   843 | D:1      | 843 ||| READING scroll labelled DALELI JECVOMU.
   844 | D:1      | 844 ||| READING scroll labelled WISTRU GOOF.
   845 | D:1      | 845 ||| READING scroll labelled ITOHAJ AVIMNI.
   846 | D:1      | 846 ||| READING scroll labelled TALERGHUVUST.
   947 | D:1      | 947 ||| DROPPING scroll of butterflies.
  1070 | D:2      | Reached XP level 3. HP: 21/21 MP: 3/3
  1235 | D:2      | Reached skill level 1 in Armour
  1611 | D:2      | 1611 ||| READING scroll labelled ZUMILO TUAMN.
  1612 | D:2      | 1612 ||| FLEEEEING.
  1616 | D:2      | 1616 ||| READING scroll labelled FOKHOPH DUMA.
  1616 | D:2      | 1616 ||| IDENTIFYING viscous sapphire potion
  1617 | D:2      | 1617 ||| READING scroll labelled ZIOMIERGHEE.
  1618 | D:2      | 1618 ||| DRINKING 2 orange potions.
  1653 | D:2      | 1653 ||| DROPPING potion of lignification.
  1689 | D:3      | Reached skill level 5 in Ranged Weapons
  1750 | D:3      | Reached XP level 4. HP: 25/27 MP: 4/4
  1803 | D:3      | Noticed a scorpion
  1809 | D:3      | Killed a scorpion
  1810 | D:3      | Reached XP level 5. HP: 25/33 MP: 5/5
  1812 | D:3      | 1812 ||| FLEEEEING.
  2356 | D:3      | 2356 ||| FLEEEEING.
  2459 | D:3      | 2459 ||| UPGRADING to +0 helmet.
  2464 | D:3      | 2464 ||| UPGRADING to ring of see invisible.
  2465 | D:3      | 2465 ||| READING 2 scrolls of identify.
  2465 | D:3      | 2465 ||| IDENTIFYING lumpy orange potion
  2466 | D:3      | 2466 ||| READING scroll of identify.
  2466 | D:3      | 2466 ||| IDENTIFYING coppery potion
  2467 | D:3      | 2467 ||| READING scroll labelled JEICAT ZAF.
  2467 | D:3      | 2467 ||| ENCHANTING +0 helmet.
  2468 | D:3      | 2468 ||| DRINKING 2 pink potions.
  2473 | D:4      | Noticed an ogre
  2479 | D:4      | Killed an ogre
  2480 | D:4      | Reached skill level 6 in Ranged Weapons
  2480 | D:4      | Reached XP level 6. HP: 38/38 MP: 6/6
  2778 | D:4      | 2778 ||| DRINKING potion of curing.
  2778 | D:4      | 2778 ||| (to cure confusion)
  2780 | D:4      | Reached skill level 7 in Ranged Weapons
  2795 | D:4      | 2795 ||| FLEEEEING.
  2829 | D:4      | You fall into a shaft and drop 1 floor!
  2829 | D:5      | Entered Level 5 of the Dungeon
  2876 | D:5      | 2876 ||| FLEEEEING.
  2883 | D:5      | 2883 ||| STAIRDANCE
  2950 | D:4      | Reached XP level 7. HP: 43/43 MP: 7/7
  3058 | D:4      | 3058 ||| READING scroll of enchant armour.
  3058 | D:4      | 3058 ||| ENCHANTING +1 helmet.
  3231 | D:4      | 3231 ||| UPGRADING to +0 pair of boots.
  3236 | D:4      | 3236 ||| READING 3 scrolls labelled HINISI XU NEE.
  3237 | D:4      | 3237 ||| READING scroll labelled FOH YSOFUYXEKY.
  3238 | D:4      | 3238 ||| DROPPING 2 scrolls of revelation.
  3258 | D:5      | 3258 ||| STAIRDANCE
  3320 | D:5      | 3320 ||| RETREEEEATING.
  3321 | D:5      | 3321 ||| RETREEEEATING.
  3324 | D:5      | 3324 ||| RETREEEEATING.
  3325 | D:5      | 3325 ||| RETREEEEATING.
  3326 | D:5      | 3326 ||| RETREEEEATING.
  3327 | D:5      | 3327 ||| RETREEEEATING.
  3328 | D:5      | 3328 ||| RETREEEEATING.
  3329 | D:5      | 3329 ||| RETREEEEATING.
  3331 | D:5      | Reached skill level 8 in Ranged Weapons
  3340 | D:5      | HP: 8/43 [orc warrior/+0 short sword (10)]
  3341 | D:5      | 3341 ||| READING scroll of teleportation.
  3344 | D:5      | 3344 ||| FLEEEEING.
  3345 | D:5      | 3345 ||| STAIRDANCE
  3531 | D:5      | Found a transporter.
  3623 | D:5      | 3623 ||| FLEEEEING.
  3748 | D:5      | 3748 ||| FLEEEEING.
  3750 | D:5      | 3750 ||| FLEEEEING.
  3751 | D:5      | 3751 ||| FLEEEEING.
  3752 | D:5      | 3752 ||| FLEEEEING.
  3758 | D:5      | 3758 ||| FLEEEEING.
  3759 | D:5      | 3759 ||| FLEEEEING.
  3760 | D:5      | 3760 ||| FLEEEEING.
  3761 | D:5      | 3761 ||| FLEEEEING.
  3768 | D:5      | 3768 ||| FLEEEEING.
  3769 | D:5      | 3769 ||| FLEEEEING.
  3770 | D:5      | 3770 ||| FLEEEEING.
  3771 | D:5      | 3771 ||| FLEEEEING.
  3784 | D:5      | Reached XP level 8. HP: 28/49 MP: 8/8
  3874 | D:5      | Found a transporter.
  3881 | D:5      | Noticed qw's ghost (novice GrHu)
  3886 | D:5      | Found a one-way gate to the infinite horrors of the Abyss.
  3891 | D:5      | Found the +8 demon trident "Rift" {distort, reach+}
  3937 | D:5      | 3937 ||| FLEEEEING.
  4112 | D:5      | Found an ancient bone altar of Kikubaaqudgha.
  4362 | D:5      | Reached skill level 9 in Ranged Weapons
  4407 | D:5      | 4407 ||| UPGRADING to ring of protection from cold.
  4408 | D:5      | 4408 ||| READING scroll of identify.
  4408 | D:5      | 4408 ||| IDENTIFYING bubbling golden potion
  4409 | D:5      | 4409 ||| DROPPING potion of invisibility.
  4476 | D:6      | 4476 ||| STAIRDANCE
  4481 | D:5      | 4481 ||| FLEEEEING.
  4604 | D:6      | 4604 ||| STAIRDANCE
  4616 | D:5      | Reached skill level 6 in Fighting
  4626 | D:5      | 4626 ||| FLEEEEING.
  4709 | D:6      | 4709 ||| STAIRDANCE
  4780 | D:6      | 4780 ||| FLEEEEING.
  4783 | D:6      | Noticed Menkaure
  4787 | D:6      | 4787 ||| ZAPPING wand of mindburst (3) at 5,-4 (Menkaure;
                  | floor).
  4788 | D:6      | 4788 ||| ZAPPING wand of mindburst (2) at 5,-4 (Menkaure;
                  | floor).
  4788 | D:6      | Killed Menkaure
  4789 | D:6      | Reached skill level 10 in Ranged Weapons
  4871 | D:6      | Found a runed translucent gate.
  4871 | D:6      | Found a runed translucent gate.
  4871 | D:6      | Found a runed translucent gate.
  4873 | D:6      | Noticed qw's ghost (novice GrHu)
  4873 | D:6      | Noticed qw's ghost (novice GrHu)
  4874 | D:6      | Noticed qw's ghost (novice GrHu)
  4876 | D:6      | 4876 ||| FLEEEEING.
  4877 | D:6      | 4877 ||| FLEEEEING.
  4878 | D:6      | 4878 ||| FLEEEEING.
  4879 | D:6      | 4879 ||| FLEEEEING.
  4880 | D:6      | 4880 ||| FLEEEEING.
  4881 | D:6      | 4881 ||| FLEEEEING.
  4882 | D:6      | 4882 ||| FLEEEEING.
  4883 | D:6      | 4883 ||| FLEEEEING.
  4884 | D:6      | 4884 ||| FLEEEEING.
  4885 | D:6      | 4885 ||| FLEEEEING.
  4886 | D:6      | 4886 ||| FLEEEEING.
  4887 | D:6      | 4887 ||| FLEEEEING.
  4888 | D:6      | 4888 ||| FLEEEEING.
  4888 | D:6      | Noticed a shadow
  4889 | D:6      | 4889 ||| ZAPPING wand of mindburst (1) at -7,-6 (shadow;
                  | floor).
  4893 | D:6      | 4893 ||| RETREEEEATING.
  4894 | D:6      | 4894 ||| RETREEEEATING.
  4895 | D:6      | 4895 ||| RETREEEEATING.
  4898 | D:6      | 4898 ||| RETREEEEATING.
  4899 | D:6      | 4899 ||| RETREEEEATING.
  4900 | D:6      | 4900 ||| RETREEEEATING.
  4901 | D:6      | 4901 ||| RETREEEEATING.
  4902 | D:6      | 4902 ||| RETREEEEATING.
  4911 | D:6      | Noticed Pikel
  4918 | D:6      | Reached XP level 9. HP: 18/55 MP: 9/9
  4925 | D:6      | Reached skill level 3 in Armour
  4925 | D:6      | HP: 12/55 [orc warrior/+0 dire flail (4)]
  4926 | D:6      | Slain by an orc warrior

Levels and vault maps discovered:
D:1:      shiori_arrival_maze, layout_basic, nicolae_twisty_statue_hallways
D:2:      layout_loops_cross, minmay_split_cup_large
D:3:      layout_basic, feat_on_display
D:4:      layout_gridville, nicolae_half_adder
D:5:      layout_basic, kennysheep_mini_moat, gammafunk_ghost_abyssal_escape
D:6:      layout_layer_cave, gammafunk_ghost_cemetery, uniq_pikel, uniq_menkaure

Skill      XL: |  1  2  3  4  5  6  7  8  9 |
---------------+----------------------------+-----
Armour         | 1 2 3 |  3.6
Ranged Weapons | 5 6 7 8 10 | 10.0
Fighting       | 4 5 6 |  6.1
Dodging        | 2 |  2.4
Stealth        | |  1.1

Action                     |  1- 3 |  4- 6 |  7- 9 || total
---------------------------+-------+-------+-------++-------
   Fire: Shortbow          |    93 |   137 |   310 ||   540
  Evoke: Wand              |       |       |     3 ||     3
    Use: Scroll            |     7 |     3 |     5 ||    15
         Potion            |     1 |     2 |       ||     3
 Armour: Leather armour    |     4 |       |       ||     4
         Ring mail         |    21 |    66 |   224 ||   311
  Dodge: Dodged            |    23 |    58 |   162 ||   243

Table legend:
 A = Non-vault XP
 B = Vault XP
 C = Vault XP percentage of total XP
 D = Non-vault monster count
 E = Vault monster count
 F = Vault count percentage of total count
                 A         B        C        D         E       F
            +---------+---------+-------+---------+---------+-------
      Total |    2257 |     242 |   9.7 |      97 |      12 |  11.0
            +---------+---------+-------+---------+---------+-------
        D:1 |      28 |       2 |   6.7 |      17 |       2 |  10.5
        D:2 |      28 |       5 |  15.2 |       6 |       4 |  40.0
        D:3 |     171 |       0 |   0.0 |      20 |       0 |   0.0
        D:4 |     457 |      66 |  12.6 |      21 |       5 |  19.2
        D:5 |    1271 |       0 |   0.0 |      28 |       0 |   0.0
        D:6 |     302 |     169 |  35.9 |       5 |       1 |  16.7
            +---------+---------+-------+---------+---------+-------
